 Dungeon Sprint DCSS version 0.25-a0-731-g0472a16d6a (webtiles) character file.

Game seed: 15763358714663977376, levelgen mode: deterministic

1345 BillyBuyo the Thaumaturge (level 8, 0/44 HPs)
             Began as a Deep Elf Conjurer on Apr 9, 2020.
             Was an Elder of Vehumet.
             Slain by a five-headed hydra (12 damage)
             ... in the Dungeon (Sprint IX: "|||||||||||||||||||||||||||||").
             The game lasted 00:14:33 (1132 turns).

BillyBuyo the Thaumaturge (Deep Elf Conjurer)       Turns: 1132, Time: 00:14:35

Health: 0/44       AC:  7    Str:  8    XL:     8   Next: 36%
Magic:  23/27      EV: 18    Int: 23    God:    Vehumet [****..]
Gold:   7          SH:  0    Dex: 15    Spells: 29/34 levels left

rFire    . . .     SeeInvis .   n - staff of energy
rCold    . . .     Gourm    .   (no shield)
rNeg     . . .     Faith    .   a - +0 robe
rPois    .         Spirit   .   p - +0 helmet
rElec    .         Reflect  .   (no cloak)
rCorr    .         Harm     .   u - +1 pair of gloves
MR       .....     NoTele   +   (no boots)
Stlth    ++++......             (no amulet)
HPRegen  0.14/turn              q - +2 ring of protection
MPRegen  0.20/turn              r - +3 ring of strength

@: no status effects
A: no striking features
a: Renounce Religion


You were in the Dungeon.
You worshipped Vehumet.
Vehumet was greatly pleased with you.
You were hungry.

You visited 1 branch You collected 7 gold pieces.

Inventory:

Armour
 a - a +0 robe (worn)
 p - a +0 helmet (worn)
 u - a +1 pair of gloves (worn)
Magical Staves
 n - an uncursed staff of energy (weapon)
Jewellery
 q - a +2 ring of protection (left hand)
 r - a +3 ring of strength (right hand)
Wands
 m - a wand of acid (9)
Scrolls
 k - 3 scrolls of remove curse
 l - 2 scrolls of amnesia
 v - 2 scrolls of fog
 w - a scroll of identify
 x - 2 scrolls of enchant armour
 y - a scroll of fear
Potions
 d - 2 potions of magic
 e - 4 potions of heal wounds
 f - a potion of haste
 g - a potion of invisibility
 h - 2 potions of berserk rage
 j - 4 potions of curing
 s - 3 potions of stabbing
Miscellaneous
 t - a phantom mirror
Comestibles
 c - a ration


   Skills:
 + Level 2.0 Fighting
 + Level 1.5 Staves
 + Level 9.4 Dodging
 + Level 8.7 Stealth
 + Level 0.5 Unarmed Combat
 + Level 13.5 Spellcasting
 + Level 12.7 Conjurations


You had 29 spell levels left.
You knew the following spells:

 Your Spells              Type           Power        Failure   Level  Hunger
a - Magic Dart            Conj           ####         0%          1    None
b - Searing Ray           Conj           ######       1%          2    None
c - Sandblast             Erth           ###...       1%          1    None
d - Freeze                Ice            ###.         1%          1    None

Your spell library contained the following spells:

 Spells                   Type           Power        Failure   Level  Hunger
 Inner Flame              Hex/Fire       ###.....     3%          3    None
 Dazzling Flash           Conj/Hex       #####.       1%          3    None
 Fulminant Prism          Conj/Hex       #####.....   1%          4    None
 Iskenderun's Mystic Bla  Conj/Tloc      #####...     1%          4    None


Dungeon Overview and Level Annotations

Branches:
Dungeon (1/1)

Altars:
Cheibriados
Dithmenos
Elyvilon
Fedhas
Gozag
Hepliaklqana
Kikubaaqudgha
Makhleb
Nemelex Xobeh
Okawaru
Qazlal
Ru
Sif Muna
Trog
Uskayaw
Vehumet
Wu Jian
Xom
Yredelemnul
Zin
The Shining One
Beogh
Jiyva
Lugonu


Message History

The five-headed hydra is heavily wounded.
The searing ray hits the crocodile!
You kill the crocodile!
Vehumet accepts your kill.
Vehumet offers you knowledge of Inner Flame.
You feel your power returning.
Your Fighting skill increases to level 2!
The searing ray hits the five-headed hydra!!
The five-headed hydra is severely wounded.
The five-headed hydra bites you. The five-headed hydra misses you.
The five-headed hydra bites you! The five-headed hydra misses you.
The five-headed hydra closely misses you.
The searing ray hits the five-headed hydra!
The five-headed hydra is almost dead.
You finish channeling your searing ray.
The five-headed hydra bites you! The five-headed hydra bites you.
* * * LOW HITPOINT WARNING * * *
The five-headed hydra closely misses you.
The five-headed hydra misses you. The five-headed hydra bites you!
You die...

▓▓▓▓▓▓▓
▓...▓<▓
▓.▓.▓.▓
▓.▓.▓.▓
▓.▓.▓.▓
▓.▓.▓)▓
▓.▓.▓.▓
▓.▓.▓.▓
▓@▓.▓.▓
▓D▓.▓.▓
▓.▓.▓.▓
▓.▓.▓†▓
▓†▓.▓.▓
▓.▓.▓.▓
▓.▓.▓.▓
▓.▓.▓.▓
▓.▓.▓.▓


You could see a five-headed hydra.

Vanquished Creatures
  A cyclops (D)
  A hippogriff (D)
  A water moccasin (D)
  A black bear (D)
  A phantom (D)
  A centaur (D)
  2 crocodiles (D)
  A bullfrog (D)
  2 killer bees (D)
  A crimson imp (D)
  A hound (D)
  A worker ant (D)
  A shadow imp (D)
  An adder skeleton (D)
  3 orcs (D)
  A giant cockroach (D)
  2 kobolds (D)
  A frilled lizard (D)
  A giant cockroach zombie (D)
  A leopard gecko zombie (D)
  A rat (D)
26 creatures vanquished.

Notes
Turn   | Place    | Note
-------+----------+-------------------------------------------
     0 | D        | BillyBuyo the Deep Elf Conjurer began the quest for the
                  | Orb.
     0 | D        | Reached XP level 1. HP: 10/10 MP: 6/6
   139 | D        | Noticed a crimson imp
   142 | D        | Reached skill level 4 in Spellcasting
   142 | D        | Reached skill level 5 in Conjurations
   147 | D        | Killed a crimson imp
   147 | D        | Reached skill level 5 in Spellcasting
   147 | D        | Reached XP level 2. HP: 11/15 MP: 0/10
   147 | D        | Reached XP level 3. HP: 14/19 MP: 0/12
   157 | D        | Reached skill level 6 in Spellcasting
   164 | D        | Found a roughly hewn altar of Beogh.
   164 | D        | Found a snail-covered altar of Cheibriados.
   164 | D        | Found a shadowy altar of Dithmenos.
   164 | D        | Found a white marble altar of Elyvilon.
   164 | D        | Found a blossoming altar of Fedhas.
   164 | D        | Found an opulent altar of Gozag.
   165 | D        | Found a hazy altar of Hepliaklqana.
   166 | D        | Found a viscous altar of Jiyva.
   167 | D        | Found an ancient bone altar of Kikubaaqudgha.
   168 | D        | Found a corrupted altar of Lugonu.
   169 | D        | Found a burning altar of Makhleb.
   170 | D        | Found a sparkling altar of Nemelex Xobeh.
   171 | D        | Found an iron altar of Okawaru.
   172 | D        | Found a stormy altar of Qazlal.
   173 | D        | Found a sacrificial altar of Ru.
   174 | D        | Found a shimmering blue altar of Sif Muna.
   175 | D        | Found a bloodstained altar of Trog.
   176 | D        | Found a hide-covered altar of Uskayaw.
   177 | D        | Found a radiant altar of Vehumet.
   178 | D        | Found an ornate altar of the Wu Jian Council.
   179 | D        | Found a shimmering altar of Xom.
   180 | D        | Found a basalt altar of Yredelemnul.
   181 | D        | Found a glowing silver altar of Zin.
   182 | D        | Found a glowing golden altar of the Shining One.
   185 | D        | Became a worshipper of Vehumet
   350 | D        | Learned a level 2 spell: Searing Ray
   380 | D        | Noticed a black bear
   380 | D        | Noticed a centaur
   380 | D        | Noticed a phantom
   380 | D        | Noticed a killer bee
   383 | D        | Killed a black bear
   383 | D        | Reached skill level 5 in Dodging
   383 | D        | Reached skill level 5 in Stealth
   383 | D        | Reached skill level 8 in Spellcasting
   383 | D        | Reached XP level 4. HP: 24/24 MP: 10/16
   383 | D        | Reached XP level 5. HP: 28/28 MP: 10/17
   384 | D        | Killed a centaur
   384 | D        | Reached skill level 9 in Spellcasting
   387 | D        | Reached * piety under Vehumet
   387 | D        | Offered knowledge of Sandblast by Vehumet.
   392 | D        | Reached skill level 10 in Spellcasting
   392 | D        | Reached XP level 6. HP: 16/32 MP: 2/21
   404 | D        | Reached ** piety under Vehumet
   407 | D        | Learned a level 1 spell: Sandblast
   558 | D        | Noticed a hippogriff
   558 | D        | Noticed a cyclops
   560 | D        | Offered knowledge of Freeze by Vehumet.
   560 | D        | Reached skill level 11 in Spellcasting
   562 | D        | Killed a hippogriff
   562 | D        | Reached skill level 10 in Conjurations
   562 | D        | Reached XP level 7. HP: 29/37 MP: 24/24
   572 | D        | Reached *** piety under Vehumet
   591 | D        | Killed a cyclops
   591 | D        | Reached skill level 1 in Fighting
   591 | D        | Reached skill level 1 in Staves
   591 | D        | Reached skill level 12 in Spellcasting
   591 | D        | Reached XP level 8. HP: 7/43 MP: 18/26
   860 | D        | Learned a level 1 spell: Freeze
   979 | D        | Noticed a five-headed hydra
   981 | D        | Noticed a komodo dragon
   982 | D        | Offered knowledge of Mephitic Cloud by Vehumet.
   982 | D        | Reached skill level 13 in Spellcasting
   984 | D        | Reached **** piety under Vehumet
  1130 | D        | Offered knowledge of Inner Flame by Vehumet.
  1132 | D        | Slain by a five-headed hydra

Levels and vault maps discovered:
D:        linesprint [early_d, line_temple, items_1, d_10, items_2, lair_1,
          lair_end, items_3, orc_1, orc_end, items_4, d_15, swamp_1, shoals_1,
          snake_1, spider_1, d_20, vaults_1, items_5, swamp_end, shoals_end,
          snake_end, spider_end, vaults_end, d_27, items_6, zot_1, zot_end,
          crypt_end, forest_end, elf_end, slime_end, tomb_end, abyss_end,
          pan_hell_end]

Skill      XL: |  1  2  3  4  5  6  7  8 |
---------------+-------------------------+-----
Stealth        | 4 5 7 8 |  8.7
Dodging        | 4 5 6 8 9 |  9.4
Spellcasting   | 5 8 10 11 12 13 | 13.5
Conjurations   | 6 7 9 10 12 | 12.7
Fighting       | 1 2 |  2.0
Staves         | 1 |  1.5
Unarmed Combat | |  0.5

Action                   |  1- 3 |  4- 6 |  7- 9 || total
-------------------------+-------+-------+-------++-------
Melee: Unarmed           |     5 |       |       ||     5
       Staff             |       |     2 |       ||     2
 Cast: Magic Dart        |    27 |     3 |     6 ||    36
       Searing Ray       |     1 |     3 |     5 ||     9
Evoke: Wand              |       |       |     1 ||     1
  Use: Potion            |     3 |       |     2 ||     5
       Scroll            |       |       |     2 ||     2
Armor: Robe              |     2 |     2 |     1 ||     5
Dodge: Dodged            |    16 |     7 |    15 ||    38

Table legend:
 A = Non-vault XP
 B = Vault XP
 C = Vault XP percentage of total XP
 D = Non-vault monster count
 E = Vault monster count
 F = Vault count percentage of total count
                 A         B        C        D         E       F
            +---------+---------+-------+---------+---------+-------
      Total |       0 |    1922 | 100.0 |       0 |      26 | 100.0
            +---------+---------+-------+---------+---------+-------
          D |       0 |    1922 | 100.0 |       0 |      26 | 100.0
            +---------+---------+-------+---------+---------+-------
